 Dungeon Crawl Stone Soup version 0.28.0-53-g5a82cb258f (webtiles) character file.

Game seed: 5398305046044823325

8397 Metae the Fighter (level 11, -4/104 HPs)
             Began as a Minotaur Fighter on July 14, 2022.
             Was an Elder of Okawaru.
             Slain by a hornet (6 damage)
             ... on level 8 of the Dungeon.
             The game lasted 00:45:21 (10143 turns).

Metae the Fighter (Minotaur Fighter)               Turns: 10143, Time: 00:45:34

Health: -4/104     AC: 15    Str: 31    XL:     11   Next: 9%
Magic:  13/13      EV:  8    Int:  5    God:    Okawaru [****..]
Gold:   504        SH:  4    Dex: 10    Spells: 10/10 levels left

rFire   + . .      SeeInvis .   a - +0 long sword
rCold   x . .      Faith    .   c - +0 buckler
rNeg    . . .      Spirit   .   L - +0 chain mail
rPois   .          Reflect  .   S - +2 hat
rElec   .          Harm     .   p - +0 cloak
rCorr   .          Rampage  .   (no gloves)
Will    .....                   (no boots)
Stlth   ..........              A - amulet of regeneration
HPRegen 1.07/turn               l - +6 ring of strength
MPRegen 0.13/turn               y - ring of fire

@: about to teleport, slowed, very slow
A: horns 2, retaliatory headbutt
a: Renounce Religion, Heroism, Finesse


You were on level 8 of the Dungeon.
You worshipped Okawaru.
Okawaru was greatly pleased with you.
You visited 2 branches of the dungeon, and saw 9 of its levels.

You collected 504 gold pieces.

Inventory:

Hand Weapons
 a - a +0 long sword (weapon)
 b - a +0 hunting sling
 C - a +1 vampiric spear
Missiles
 e - 266 stones (quivered)
 n - 5 datura-tipped darts
 x - 38 poisoned darts
 B - 4 throwing nets
 D - 79 sling bullets
 G - 6 atropa-tipped darts
 I - 57 bolts
 K - 2 boomerangs
 Q - 3 javelins
Armour
 c - a +0 buckler (worn)
 p - a +0 cloak (worn)
 L - a +0 chain mail (worn)
 S - a +2 hat (worn)
Jewellery
 l - a +6 ring of strength (left hand)
 y - a ring of fire (right hand)
 A - an amulet of regeneration (around neck)
 F - an amulet of the acrobat
Wands
 r - a wand of digging (3)
 v - a wand of mindburst (11)
 N - a wand of iceblast (12)
Scrolls
 f - 2 scrolls of immolation {unknown}
 g - 3 scrolls of teleportation
 h - a scroll of torment {unknown}
 i - 2 scrolls of magic mapping
 k - a scroll of acquirement {unknown}
 w - a scroll of holy word {unknown}
 z - 2 scrolls of vulnerability
 J - a scroll of identify
 P - a scroll of noise {unknown}
 R - a scroll of enchant armour {unknown}
Potions
 d - 2 potions of might
 j - 6 potions of brilliance
 m - 3 potions of cancellation {unknown}
 o - a potion of flight {unknown}
 q - 3 potions of heal wounds {unknown}
 s - a potion of berserk rage {unknown}
 t - 2 potions of curing
 u - 2 potions of magic {unknown}
 E - 2 potions of lignification {unknown}
 M - a potion of degeneration {unknown}
 O - a potion of attraction {unknown}


   Skills:
 + Level 11.6 Fighting
 - Level 10.5 Long Blades
 + Level 3.3 Throwing
 + Level 11.6 Armour
 - Level 3.6 Shields
 + Level 5.0 Invocations
 + Level 3.0 Evocations


You had 10 spell levels left.
You didn't know any spells.
Your spell library contained the following spells:

 Spells                   Type           Power      Damage    Failure   Level
 Sting                    Tmut/Pois      0%         1d3       94%         1
 Poisonous Vapours        Pois/Air       0%         N/A       98%         2
 Dazzling Flash           Conj/Hex       0%         N/A       100%        3
 Olgreb's Toxic Radiance  Pois           0%         N/A       100%        4
 Petrify                  Tmut/Erth      0%         N/A       100%        4
 Agony                    Necr           0%         N/A       100%        5
 Metabolic Englaciation   Hex/Ice        0%         N/A       100%        5
 Silence                  Hex/Air        0%         N/A       100%        5
 Statue Form              Tmut/Erth      0%         N/A       100%        6


Dungeon Overview and Level Annotations

Branches:
Dungeon (8/15)             Temple (1/1) D:6            Lair (0/6) D:8

Altars:
Ashenzari
Dithmenos
Elyvilon
Fedhas
Gozag
Hepliaklqana
Kikubaaqudgha
Makhleb
Nemelex Xobeh
Okawaru
Qazlal
Ru
Sif Muna
Trog
Vehumet
Wu Jian
Xom
Yredelemnul
Zin
The Shining One


Innate Abilities, Weirdness & Mutations

You have a pair of horns on your head.
You reflexively headbutt those who attack you in melee.


Message History

You barely miss the hornet.
The hornet is almost dead.
You feel very sick.
The hornet stings you but does no damage.
The white imp shouts, "Slither away, thou odious pigeon-egg pigeon-egg!"
The orc warrior hits you but does no damage.
The hornet stings you!
You feel as though you will be slow longer.
You feel very sick. The hornet stings you.
You suddenly lose the ability to move!
The orc warrior hits you with a +0 scimitar!
* * * LOW HITPOINT WARNING * * *
The hornet stings you but does no damage.
A jelly comes into view.
You feel sick. The hornet stings you.
* * * LOW HITPOINT WARNING * * *
You are more poisoned.
You feel as though you will be slow longer.
The orc warrior hits you with a +0 scimitar!
* * * LOW HITPOINT WARNING * * *
You can move again.
You feel better. You block the hornet's attack.
The orc warrior hits you with a +0 scimitar.
* * * LOW HITPOINT WARNING * * *
The hornet closely misses you.
The orc warrior hits you with a +0 scimitar!
* * * LOW HITPOINT WARNING * * *
The hornet stings you but does no damage.
The orc warrior hits you with a +0 scimitar!
* * * LOW HITPOINT WARNING * * *
The hornet barely misses you.
Okay, then.
As you read the scroll of teleportation, it crumbles to dust.
You feel strangely unstable.
You feel yourself speed up. The hornet stings you.
* * * LOW HITPOINT WARNING * * *
You feel yourself slow down. You block the orc warrior's attack.
The hornet stings you.
You die...

#..##....##. #.#
#...#8..8#.. ##.#
#........... ..#
###....###.. ##### #.#
###>.# #.# #....##.## #..#
#.# .#....#J.# #..# #.#
.......5o##########..###.#
#Hy@...............#
##########.##.######
#.##.# ..##.# #####.# #.#
#.. ###


You could see a manticore, a hornet, an orc warrior, a jelly and a white imp.

Vanquished Creatures
  A two-headed ogre (D:8)
  An ugly thing (D:8)
  An unseen horror (D:5)
  A troll (D:8)
  Sigmund (D:2)
  12 yaks (D:8)
  2 wraiths
  Eustachio (D:6)
  A steam dragon (D:8)
  A water moccasin (D:7)
  2 orc warriors
  2 hornet zombies
  2 ice beasts
  A black bear (D:6)
  9 ogres
  2 wolves (D:8)
  2 centaurs
  A phantom (D:5)
  2 kobold brigands
  3 bullfrogs (D:7)
  A wyvern zombie (D:8)
  3 gnoll sergeants
  A scorpion (D:3)
  2 water moccasin zombies (D:5)
  3 wights (D:7)
  5 electric eels (D:8)
  A centaur zombie (D:7)
  2 bullfrog zombies (D:5)
  9 hounds
  A centaur skeleton (D:7)
  3 jellies
  5 orc priests
  Crazy Yiuf (D:3)
  A gnoll shaman (D:7)
  11 orc wizards
  2 iguanas
  A hound skeleton (D:5)
  26 gnolls
  2 howler monkey skeletons (D:5)
  12 adders
  2 shadow imps
  2 ufetubi
  3 worms
  5 dart slugs
  15 orcs
  7 ball pythons
  5 endoplasms
  4 giant cockroaches
  7 goblins
  6 hobgoblins
  5 jackals
  14 kobolds
  5 quokkas
  A frilled lizard (D:1)
  2 rats (D:2)
  A bush (D:4)
224 creatures vanquished.

Vanquished Creatures (others)
  A shadow imp (D:6)
  An orc (D:8)
  2 plants
4 creatures vanquished.

Grand Total: 228 creatures vanquished

Notes
Turn   | Place    | Note
-------+----------+-------------------------------------------
     0 | D:1      | Metae the Minotaur Fighter began the quest for the Orb.
     0 | D:1      | Reached XP level 1. HP: 19/19 MP: 0/0
   388 | D:1      | Reached XP level 2. HP: 27/27 MP: 1/1
   610 | D:1      | Found a faded altar of an unknown god.
  1181 | D:2      | Reached XP level 3. HP: 32/33 MP: 2/2
  1398 | D:2      | Noticed Sigmund
  1421 | D:2      | Killed Sigmund
  1422 | D:2      | Reached skill level 5 in Fighting
  1422 | D:2      | Reached skill level 5 in Armour
  1422 | D:2      | Reached XP level 4. HP: 29/42 MP: 3/3
  1422 | D:2      | Reached XP level 5. HP: 33/48 MP: 4/4
  2346 | D:3      | Reached XP level 6. HP: 42/56 MP: 5/5
  2896 | D:3      | Found a runed translucent door.
  2897 | D:3      | Noticed Crazy Yiuf
  2903 | D:3      | Killed Crazy Yiuf
  2904 | D:3      | Reached skill level 5 in Long Blades
  3587 | D:4      | Reached XP level 7. HP: 55/63 MP: 6/6
  4674 | D:5      | Entered Level 5 of the Dungeon
  5024 | D:5      | Reached XP level 8. HP: 66/73 MP: 7/7
  5852 | D:5      | Reached XP level 9. HP: 45/82 MP: 8/8
  5856 | D:5      | Killed an unseen horror
  6629 | D:6      | Found a staircase to the Ecumenical Temple.
  6638 | Temple   | Entered the Ecumenical Temple
  6775 | Temple   | Became a worshipper of Warmaster Okawaru
  6877 | D:6      | Reached skill level 10 in Fighting
  7381 | D:6      | Noticed Eustachio
  7411 | D:6      | Killed Eustachio
  7412 | D:6      | Reached skill level 10 in Armour
  7673 | D:7      | Reached skill level 1 in Invocations
  7784 | D:7      | Reached skill level 10 in Long Blades
  7850 | D:7      | Reached * piety under Okawaru
  7873 | D:7      | Found a glowing golden altar of the Shining One.
  8142 | D:7      | Reached XP level 10. HP: 92/94 MP: 10/10
  8917 | D:8      | Noticed a two-headed ogre
  9120 | D:8      | Noticed a cyan ugly thing
  9149 | D:8      | Killed a cyan ugly thing
  9242 | D:8      | Reached ** piety under Okawaru
  9402 | D:8      | Killed a two-headed ogre
  9403 | D:8      | Reached skill level 1 in Throwing
  9403 | D:8      | Reached skill level 1 in Evocations
  9483 | D:8      | Found a staircase to the Lair.
  9699 | D:8      | Reached *** piety under Okawaru
  9905 | D:8      | Found a sparkling altar of Nemelex Xobeh.
  9905 | D:8      | Found a basalt altar of Yredelemnul.
  9937 | D:8      | Reached **** piety under Okawaru
  9938 | D:8      | Reached XP level 11. HP: 28/102 MP: 13/13
 10047 | D:8      | Reached skill level 5 in Invocations
 10139 | D:8      | Paralysed by a hornet for 2 turns
 10142 | D:8      | HP: 3/104 [orc warrior/+0 scimitar (7)]
 10143 | D:8      | Slain by a hornet

Illustrated notes

Levels and vault maps discovered:
D:1:      co_arrival_square_in_a_square_in_a_square, layout_loops_ring,
          hellmonk_ecumenical_altar_heavens_door, minmay_misc_feat_hallway,
          chequers_serial_rivers_large_a
D:2:      layout_loops_ring, minmay_misc_feat_nine_boxes,
          kennysheep_generic_room_4, uniq_sigmund
D:3:      layout_loops_ring, nrook_loot_triangle, uniq_crazy_yiuf_cottage
D:4:      layout_rooms, serial_forest, infiniplex_forest_clump_diagonal,
          infiniplex_forest_lined_3, infiniplex_forest_lined_2,
          infiniplex_forest_straight_2, infiniplex_forest_diagonal,
          infiniplex_forest_straight_2, infiniplex_forest_lined_3,
          infiniplex_forest_lined_room_2, infiniplex_forest_3_way,
          lightli_corner_chamber
D:5:      kennysheep_windowed_halls, layout_rooms, minmay_fractal_squares_5
D:6:      layout_loops_corners, lemuel_temple_firewalk_a,
          nicolae_lava_and_water, uniq_eustachio
D:7:      layout_basic, tso_oasis_becter, nicolae_figureground_sparkle
D:8:      layout_loops_ring, jmf_multi_god_temple, erik_lair_island,
          special_room [special_room_orc], minmay_manual_monstrance
Temple:   eino_narrow_crystal_temple

Skill      XL: |  1  2  3  4  5  6  7  8  9 10 11 |
---------------+----------------------------------+-----
Fighting       | 4 5 6 7 8 10 11 | 11.6
Armour         | 4 5 6 7 8 10 11 | 11.6
Long Blades    | 3 4 5 6 8 10 | 10.5
Invocations    | 2 4 5 |  5.0
Throwing       | 3 |  3.3
Evocations     | 2 3 |  3.0
Shields        | |  3.6

Action                   |  1- 3 |  4- 6 |  7- 9 | 10-12 || total
-------------------------+-------+-------+-------+-------++-------
Melee: Long sword        |    65 |    82 |   386 |   191 ||   724
       Headbutt          |    10 |    15 |    95 |    32 ||   152
 Fire: Hunting sling     |       |       |       |    37 ||    37
Throw: Stone             |     3 |     5 |     8 |     1 ||    17
       Dart              |       |     3 |    24 |     6 ||    33
       Boomerang         |       |       |       |     4 ||     4
Invok: Heroism           |       |       |       |     2 ||     2
Evoke: Wand              |       |       |     2 |       ||     2
  Use: Scroll            |       |     1 |     3 |     1 ||     5
       Potion            |       |       |       |     1 ||     1
Armor: Scale mail        |    19 |    35 |   124 |       ||   178
       Chain mail        |       |       |    64 |   106 ||   170
Dodge: Dodged            |    23 |    42 |   153 |    91 ||   309
Block: Buckler           |     8 |    17 |    87 |    34 ||   146
